[Event "Titled Tuesday Blitz May 25 2021"]
[White "Timmermans, Mark"]
[Black "Pelopidass"]
[WhiteFideId "1026399"]
[WhiteElo "2776"]
[BlackElo "2528"]
[Result "1-0"]
[Round "08"]
[TimeControl "180+1"]
[Date "2021.05.25"]
[WhiteClock "0:00:36"]
[BlackClock "0:00:07"]

1. b4 Nf6 2. Bb2 d5 3. b5 a6 4. a4 axb5 5. axb5 Rxa1 6. Bxa1 e6 7. e3 Be7 8. c4 O-O 9. Nf3 c6 10. Be2 cxb5 11. cxb5 Nbd7 12. O-O Nb6 13. d4 Bd7 14. Nbd2 Qb8 15. Ne5 Rc8 16. Qb1 Be8 17. Bd3 g6 18. Rc1 Nfd7 19. Bf1 Nxe5 20. dxe5 Rxc1 21. Qxc1 Qc8 22. Qb1 Bd7 23. Bd4 Bc5 24. Nb3 Bxd4 25. Nxd4 Nc4 26. Qa1 Nxe5 27. Nxe6 Bxe6 28. Qxe5 Qd7 29. h3 h5 30. f4 Bf5 31. b6 Qc6 32. Qd4 Be4 33. Qb2 Qc5 34. Kf2 Qc6 35. Be2 d4 36. Qxd4 Bxg2 37. h4 Bh1 38. Qd8+ Kg7 39. Qc7 Qg2+ 40. Ke1 Qg3+ 41. Kd2 Qxh4 42. Bc4 Qf6 43. Kd3 Qf5+ 44. Kc3 h4 45. Bd3 Qf6+ 46. Kd2 h3 47. f5 g5 48. Qg3 Bg2 49. e4 Qb2+ 50. Bc2 Qd4+ 51. Ke2 Kf6 52. Qg4 Qc4+ 53. Bd3 Bf1+ 54. Kxf1 Qxd3+ 55. Ke1 Qe3+ 56. Kd1 Ke5 57. Qh5 Qd3+ 58. Kc1 Qxe4 59. Qxh3 Qxf5 60. Qc3+ Kf4 61. Qc7+ Qe5 62. Qxb7 g4 63. Qxf7+ Ke3 64. Qb3+ Kf4 65. b7 Qc7+ 66. Kd2 Qd6+ 67. Ke1 Qe5+ 68. Kf1 Qb8 69. Kg2 Kg5 70. Qb5+ Kh4 71. Qc6 Qa7 72. Qh6# 1-0


[Site "https://www.chess.com"]

[Event "Titled Tuesday Blitz May 25 2021"]
[White "Timofeev, Artyom"]
[Black "Goltsev, Dmitry"]
[WhiteFideId "4140419"]
[BlackFideId "24176710"]
[WhiteElo "2582"]
[BlackElo "2366"]
[Result "1-0"]
[Round "08"]
[TimeControl "180+1"]
[Date "2021.05.25"]
[WhiteClock "0:00:34"]
[BlackClock "0:00:17"]

1. c4 e5 2. e3 Nf6 3. Nc3 c6 4. Nf3 d6 5. d4 exd4 6. Nxd4 Bd7 7. Be2 Be7 8. O-O Na6 9. b3 Nc5 10. Bb2 O-O 11. Qc2 a5 12. h3 Re8 13. Rad1 Bf8 14. Bf3 Qc7 15. Rd2 Ne6 16. Nxe6 Bxe6 17. Rfd1 Rad8 18. Ne2 Nd7 19. Nf4 Nc5 20. Qc3 f6 21. Nxe6 Rxe6 22. Qc2 g6 23. a3 f5 24. b4 axb4 25. axb4 Ne4 26. Bxe4 Rxe4 27. Qc3 Bg7 28. Qxg7+ Qxg7 29. Bxg7 Kxg7 30. Rxd6 Rxd6 31. Rxd6 Rxc4 32. Rd7+ Kh6 33. Rxb7 Rc1+ 34. Kh2 Rb1 35. Rb6 Rb2 36. Kg3 Kg5 37. h4+ Kh5 38. f3 Rb3 39. Rxc6 Rxb4 40. Rc5 Kh6 41. Rc7 Ra4 42. Re7 Rb4 43. e4 fxe4 44. fxe4 Ra4 45. Kg4 Ra6 46. Kf4 Rf6+ 47. Ke5 Ra6 48. g4 g5 49. h5 Ra5+ 50. Kf6 Ra4 51. Kf5 Ra5+ 52. Re5 Ra1 53. Re6+ Kg7 54. Kxg5 Re1 55. Re7+ Kf8 56. Rxh7 Rxe4 57. Ra7 Kg8 58. Kf5 Rc4 59. Kg5 Rc5+ 60. Kh4 Rb5 61. h6 Kh8 62. g5 Rb6 63. Kh5 Rc6 64. Ra8+ Kh7 65. g6+ Rxg6 66. Ra7+ Rg7 67. Rxg7+ Kh8 68. Ra7 1-0


[Site "https://www.chess.com"]

[Event "Titled Tuesday Blitz May 25 2021"]
[White "Tomb, Maroun"]
[Black "Csonka, Balazs"]
[WhiteFideId "5300398"]
[BlackFideId "742910"]
[WhiteElo "2508"]
[BlackElo "2659"]
[Result "0-1"]
[Round "08"]
[TimeControl "180+1"]
[Date "2021.05.25"]
[WhiteClock "0:00:58"]
[BlackClock "0:01:55"]

1. e4 c5 2. Ne2 Nc6 3. Nbc3 e6 4. d4 cxd4 5. Nxd4 Qc7 6. g3 a6 7. Bg2 h5 8. h3 h4 9. g4 Nge7 10. Nce2 b5 11. a4 b4 12. b3 Nxd4 13. Nxd4 Qc3+ 14. Bd2 Qxd4 15. O-O Bb7 16. Qe1 Nc6 17. Rd1 Qc5 18. Kh1 Qxc2 19. f4 Qxb3 20. f5 Qg3 21. Bf4 Qxe1 0-1


[Site "https://www.chess.com"]

[Event "Titled Tuesday Blitz May 25 2021"]
[White "Triapishko, Alexandr"]
[Black "Stoleriu, George"]
[WhiteFideId "14122286"]
[BlackFideId "1227505"]
[WhiteElo "2490"]
[BlackElo "2227"]
[Result "1-0"]
[Round "08"]
[TimeControl "180+1"]
[Date "2021.05.25"]
[WhiteClock "0:00:02"]
[BlackClock "0:00:02"]

1. e4 e6 2. d4 d5 3. Nc3 Bb4 4. Ne2 Nf6 5. e5 Nfd7 6. a3 Be7 7. f4 c5 8. Be3 Nc6 9. g3 f5 10. exf6 Bxf6 11. dxc5 O-O 12. Bg2 a5 13. O-O Qe7 14. Na4 Kh8 15. c3 e5 16. Bxd5 exf4 17. Bxf4 Nxc5 18. Nb6 Bg4 19. Bf3 Rad8 20. Nd5 Bxf3 21. Nxe7 Rxd1 22. Rfxd1 Bxe2 23. Re1 Bf3 24. Nxc6 Nb3 25. Nd4 Bxd4+ 26. cxd4 Nxa1 27. Rxa1 Rc8 28. Re1 Bd5 29. Re5 Rd8 30. Bg5 1-0


[Site "https://www.chess.com"]

[Event "Titled Tuesday Blitz May 25 2021"]
[White "Tronenkovs, Valdis"]
[Black "Bodnaruk, Anastasia"]
[WhiteFideId "11601558"]
[BlackFideId "4181751"]
[WhiteElo "2232"]
[BlackElo "2393"]
[Result "1-0"]
[Round "08"]
[TimeControl "180+1"]
[Date "2021.05.25"]
[WhiteClock "0:00:05"]
[BlackClock "0:00:01"]

1. e4 c5 2. Ne2 d6 3. g3 d5 4. Bg2 dxe4 5. Nbc3 Nf6 6. Nxe4 Nxe4 7. Bxe4 g6 8. b4 Bg7 9. Rb1 cxb4 10. Rxb4 Nc6 11. Rb1 O-O 12. O-O Bh3 13. Re1 e5 14. Rxb7 Qc8 15. Rb3 Qd7 16. Rd3 Qe6 17. Rc3 Rac8 18. Bxc6 Rxc6 19. Nf4 exf4 20. Rxe6 Rxe6 21. gxf4 Bxc3 22. dxc3 Rfe8 23. Be3 g5 24. Qf3 g4 25. Qd5 Rb8 26. Qd1 Rd6 27. Bd4 Re8 28. f3 Rde6 29. Kf2 h5 30. f5 Re1 31. Qd2 Rf1+ 32. Kg3 Rxf3+ 33. Kh4 Rxf5 34. Qh6 Ree5 35. Bxe5 Rxe5 36. Qf6 Re6 37. Qg5+ Rg6 38. Qxh5 Kg7 39. Kg3 Re6 40. Qg5+ Rg6 41. Qf4 Rf6 42. Qe5 Kg6 43. Kh4 Rf3 44. Qg5+ Kh7 45. Qh5+ Kg7 46. Qg5+ Kh7 47. c4 f6 48. Qh5+ Kg7 49. Qe8 Rf5 50. Kg3 Rf3+ 51. Kh4 Rf5 52. Qe7+ Kg6 53. c5 Re5 54. Qd7 Rf5 55. Qe8+ Kg7 56. c6 Re5 57. Qd7+ Kg6 58. c7 g3 59. Qxh3 1-0


[Site "https://www.chess.com"]

[Event "Titled Tuesday Blitz May 25 2021"]
[White "Tsyhanchuk_Stanislav"]
[Black "Barp, Alberto"]
[BlackFideId "872555"]
[WhiteElo "2480"]
[BlackElo "2585"]
[Result "1-0"]
[Round "08"]
[TimeControl "180+1"]
[Date "2021.05.25"]
[WhiteClock "0:00:20"]
[BlackClock "0:00:02"]

1. e4 e5 2. Nf3 Nc6 3. Bc4 Bc5 4. O-O Nf6 5. d4 Bxd4 6. Nxd4 Nxd4 7. f4 d6 8. fxe5 dxe5 9. Bg5 h6 10. Bxf6 gxf6 11. c3 Ne6 12. Qxd8+ Kxd8 13. Rxf6 Ke7 14. Rf2 Rg8 15. Nd2 Rg6 16. Kh1 f6 17. Nf1 h5 18. Ng3 Nf4 19. Rd1 Bg4 20. Rdd2 h4 21. Nf5+ Bxf5 22. exf5 Rg5 23. Bd3 Nxd3 24. Rxd3 Rd8 25. Rxd8 Kxd8 26. Rf3 Ke7 27. Kg1 Kd6 28. Kf2 e4 29. Rf4 Ke5 30. Ke3 Rxg2 31. Rxe4+ Kxf5 32. Rxh4 Rxb2 33. a4 Rc2 34. Kd3 Ra2 35. Rh7 Rxa4 36. Rxc7 b5 37. Rc5+ Kg4 38. Rxb5 f5 39. c4 f4 40. c5 f3 41. c6 Rf4 42. c7 f2 43. c8=Q+ Kf3 44. Qh3# 1-0


[Site "https://www.chess.com"]

[Event "Titled Tuesday Blitz May 25 2021"]
[White "Vaidya, Atulya"]
[Black "Starozhilov, Leonid"]
[WhiteFideId "2047713"]
[BlackFideId "14106752"]
[WhiteElo "2469"]
[BlackElo "2720"]
[Result "0-1"]
[Round "08"]
[TimeControl "180+1"]
[Date "2021.05.25"]
[WhiteClock "0:00:17"]
[BlackClock "0:00:11"]

1. d4 Nf6 2. c4 g6 3. Nc3 d6 4. e4 Bg7 5. Be2 O-O 6. Nf3 Bg4 7. Qb3 Bxf3 8. Bxf3 Nc6 9. Be3 e5 10. d5 Nd4 11. Bxd4 exd4 12. Ne2 Re8 13. Qd3 Nd7 14. O-O Nc5 15. Qd2 Nxe4 16. Bxe4 Rxe4 17. Ng3 Re8 18. Rfe1 Qd7 19. h3 c5 20. dxc6 bxc6 21. b4 h5 22. a4 a6 23. Ne4 Re5 24. Qxd4 Re6 25. Qd3 Rae8 26. Kh2 Qe7 27. Nxd6 Rxe1 28. Rxe1 Qxe1 29. Nxe8 Qxe8 30. b5 axb5 31. axb5 cxb5 32. cxb5 h4 33. Qd5 Qe5+ 34. Qxe5 Bxe5+ 35. g3 Kf8 36. Kg2 Bf6 37. Kf3 Ke7 38. Kg4 hxg3 39. fxg3 Be5 40. h4 Kf6 41. Kf3 Bb8 42. g4 Ke5 43. h5 gxh5 44. gxh5 Kf5 45. h6 Kg6 46. h7 Kxh7 47. Kg4 Kg6 48. Kf3 f5 49. Kg2 Kg5 50. Kf3 f4 51. Kg2 Kg4 52. Kf2 f3 53. Kg1 Kg3 54. Kf1 Ba7 55. b6 Bxb6 56. Ke1 Kg2 0-1


[Site "https://www.chess.com"]

[Event "Titled Tuesday Blitz May 25 2021"]
[White "Vaishali, Rameshbabu"]
[Black "Kamsky, Gata"]
[WhiteFideId "5091756"]
[BlackFideId "2000024"]
[WhiteElo "2313"]
[BlackElo "2644"]
[Result "0-1"]
[Round "08"]
[TimeControl "180+1"]
[Date "2021.05.25"]
[WhiteClock "0:00:04"]
[BlackClock "0:00:47"]

1. e4 c5 2. Nf3 e6 3. d4 cxd4 4. Nxd4 a6 5. Be2 Nf6 6. Nc3 d6 7. O-O b5 8. Bf3 e5 9. Nf5 g6 10. Nh6 Be6 11. Bg5 Nbd7 12. Qd2 Be7 13. h4 Rc8 14. a4 b4 15. Nd5 Bxd5 16. exd5 a5 17. Rfe1 Kf8 18. Ng4 Nxg4 19. Bxg4 f5 20. Be2 Bxg5 21. hxg5 h6 22. gxh6 Qh4 23. g3 Qxh6 24. Qxh6+ Rxh6 25. Bb5 Nc5 26. Bc6 g5 27. c3 b3 28. Rad1 Kf7 29. Kf1 Rch8 30. Ke2 Rh2 31. Ke3 f4+ 32. Kf3 g4+ 33. Kxg4 Rxf2 34. Rh1 Rg8+ 35. Kh5 Rxg3 36. Rdg1 Ne4 37. Kh6 Rxb2 38. Rxg3 Nxg3 39. Rh3 Rc2 40. Bd7 Kf6 41. Be6 b2 0-1


[Site "https://www.chess.com"]

[Event "Titled Tuesday Blitz May 25 2021"]
[White "Vetokhin, Savva"]
[Black "Devaev, Alexander"]
[WhiteFideId "44144474"]
[BlackFideId "4169395"]
[WhiteElo "2185"]
[BlackElo "2185"]
[Result "1-0"]
[Round "08"]
[TimeControl "180+1"]
[Date "2021.05.25"]
[WhiteClock "0:00:58"]
[BlackClock "0:00:08"]

1. e4 c6 2. d4 d5 3. e5 Bf5 4. Nd2 e6 5. Nb3 Nd7 6. Nf3 Ne7 7. Be2 a6 8. O-O Rc8 9. a4 Bg4 10. c4 Bxf3 11. Bxf3 dxc4 12. Nd2 b5 13. Bg4 Nd5 14. Ne4 Be7 15. f4 g6 16. g3 Qb6 17. axb5 axb5 18. Kg2 c5 19. Nxc5 Nxc5 20. dxc5 Bxc5 21. h4 h5 22. Bf3 Ne7 23. Bd2 b4 24. Rc1 Bd4 25. Qa4+ Kf8 26. Bxb4 Bxb2 27. Rb1 c3 28. Rfc1 Rc7 29. Rxc3 Rb7 30. Rxb2 Kg7 31. Ba3 Qa7 32. Qxa7 Rxa7 33. Bxe7 Rxe7 34. Rb7 Rxb7 35. Bxb7 Rb8 36. Rc7 Kf8 37. Kf3 Rd8 38. Ke3 Rd1 39. Rc8+ Kg7 40. Rc7 Re1+ 41. Kf2 Rb1 42. Bc6 Rb2+ 43. Ke3 Rb3+ 44. Kf2 Rb2+ 45. Kg1 Rb1+ 46. Kh2 Rb2+ 47. Bg2 Kf8 48. Kh3 Rb3 49. Bc6 Rb8 50. Bb7 Kg7 51. Bc8 Rb1 52. Bxe6 1-0


[Site "https://www.chess.com"]

[Event "Titled Tuesday Blitz May 25 2021"]
[White "Vlassov, Nikolai"]
[Black "Garcia, Gabriel Gonzaga"]
[WhiteFideId "4103360"]
[BlackFideId "2138956"]
[WhiteElo "2592"]
[BlackElo "2463"]
[Result "1-0"]
[Round "08"]
[TimeControl "180+1"]
[Date "2021.05.25"]
[WhiteClock "0:00:37"]
[BlackClock "0:01:03"]

1. e4 c6 2. d4 d5 3. e5 Bf5 4. Nc3 e6 5. g4 Bg6 6. Nge2 c5 7. Be3 cxd4 8. Nxd4 Nc6 9. f4 Nxd4 10. Qxd4 Ne7 11. O-O-O Nc6 12. Bb5 a6 13. Bxc6+ bxc6 14. Rhf1 c5 15. Qa4+ Qd7 16. f5 exf5 17. gxf5 Bxf5 18. Rxf5 d4 19. Qxd7+ Kxd7 20. Bxd4 cxd4 21. Rxd4+ Ke6 22. Rdf4 Ra7 23. Ne4 h6 24. Kd1 g6 25. Rf6+ Kxe5 26. Nd2 Rd7 27. Ke2 Bc5 28. Nf3+ Kd5 29. c4# 1-0


[Site "https://www.chess.com"]

[Event "Titled Tuesday Blitz May 25 2021"]
[White "Vogel, Roven"]
[Black "Akbas, Umut Ata"]
[WhiteFideId "12908088"]
[BlackFideId "44572646"]
[WhiteElo "2749"]
[BlackElo "2574"]
[Result "1-0"]
[Round "08"]
[TimeControl "180+1"]
[Date "2021.05.25"]
[WhiteClock "0:02:13"]
[BlackClock "0:01:56"]

1. d4 Nf6 2. c4 e6 3. Nf3 d5 4. Nc3 Be7 5. Bf4 O-O 6. e3 c6 7. h3 Nbd7 8. Rc1 Re8 9. Bd3 dxc4 10. Bxc4 b5 11. Be2 Bb7 12. O-O a6 13. Ne5 c5 14. Bf3 Bxf3 15. Qxf3 cxd4 16. Nc6 Qb6 17. Nxe7+ Rxe7 18. Qxa8+ 1-0


[Site "https://www.chess.com"]

[Event "Titled Tuesday Blitz May 25 2021"]
[White "Vovk, Orest"]
[Black "Dzhaparov, Medet"]
[WhiteFideId "14113490"]
[BlackFideId "13803689"]
[WhiteElo "2203"]
[BlackElo "1702"]
[Result "0-1"]
[Round "08"]
[TimeControl "180+1"]
[Date "2021.05.25"]
[WhiteClock "0:00:14"]
[BlackClock "0:00:06"]

1. h3 e5 2. Nc3 d5 3. e4 dxe4 4. Nxe4 f5 5. Nc3 Nf6 6. Bc4 Nc6 7. d3 Bc5 8. Nf3 h6 9. O-O e4 10. dxe4 Qxd1 11. Rxd1 fxe4 12. Nh4 Ne5 13. Bd5 g5 14. Nxe4 Nxe4 15. Bxe4 gxh4 16. Bf4 Bd6 17. Rd5 Nf7 18. Bd2 c6 19. Rh5 Be6 20. Rxh4 O-O-O 21. Re1 Rde8 22. Bd3 Kd7 23. Bc3 Rhg8 24. Rd1 Ng5 25. Kh1 Ref8 26. f3 Nf7 27. Bh7 Rg5 28. Be4 Kc7 29. Re1 Bd7 30. Bf6 Rb5 31. Rd1 Re8 32. Bg6 Rf8 33. Bg7 Rg8 34. Bxf7 Rxg7 35. Rxh6 Rxf7 36. Rhxd6 Rxb2 37. R6d2 Rxa2 38. Rf2 a5 39. g4 Ra3 40. Kg2 Rc3 41. f4 Be6 42. Ra1 Bd5+ 43. Kf1 b6 44. h4 Rh3 45. h5 Rh1+ 46. Ke2 Rxa1 47. g5 Ra2 48. g6 Rxc2+ 49. Ke3 Rxf2 50. gxf7 Rf3+ 51. Kd4 Rxf4+ 52. Ke5 Rxf7 53. h6 Rh7 54. Kf6 Rxh6+ 55. Ke7 Rh1 56. Ke8 a4 0-1


[Site "https://www.chess.com"]

[Event "Titled Tuesday Blitz May 25 2021"]
[White "Wagh Suyog"]
[Black "Koellner, Ruben Gideon"]
[WhiteFideId "25071688"]
[BlackFideId "12993093"]
[WhiteElo "2644"]
[BlackElo "2513"]
[Result "1-0"]
[Round "08"]
[TimeControl "180+1"]
[Date "2021.05.25"]
[WhiteClock "0:00:37"]
[BlackClock "0:00:02"]

1. Nf3 d6 2. g3 Nf6 3. b4 g6 4. Bb2 Bg7 5. Bg2 O-O 6. d4 a5 7. b5 c6 8. a4 Nbd7 9. c4 cxb5 10. axb5 Qc7 11. Nbd2 Nb6 12. Rc1 a4 13. Ba3 Rd8 14. O-O e5 15. e3 Bf5 16. Re1 Rac8 17. e4 Bg4 18. c5 dxc5 19. dxc5 Nbd7 20. Qxa4 Ra8 21. Qb3 Qa5 22. Bb2 Be6 23. Nc4 Qa2 24. Qxa2 Rxa2 25. Bxe5 Nxc5 26. Nd6 Nd3 27. Nxb7 Re8 28. Nd6 Rd8 29. b6 Nxe1 30. Nxe1 Nd7 31. Bxg7 Kxg7 32. b7 Nb8 33. e5 Rb2 34. Nd3 Rd2 35. Nc5 R2xd6 36. exd6 Rxd6 37. Nxe6+ Rxe6 38. Rc8 Re1+ 39. Bf1 Nd7 40. Rd8 1-0


[Site "https://www.chess.com"]

[Event "Titled Tuesday Blitz May 25 2021"]
[White "Wieczorek, Oskar"]
[Black "Zhigalko, Sergei"]
[WhiteFideId "1133950"]
[BlackFideId "13502956"]
[WhiteElo "2258"]
[BlackElo "2662"]
[Result "0-1"]
[Round "08"]
[TimeControl "180+1"]
[Date "2021.05.25"]
[WhiteClock "0:00:05"]
[BlackClock "0:00:03"]

1. e4 c5 2. Nf3 Nc6 3. b4 Nxb4 4. c3 Nc6 5. d4 d5 6. exd5 Qxd5 7. Na3 Bg4 8. Be3 cxd4 9. Nb5 O-O-O 10. cxd4 e5 11. Rc1 Bb4+ 12. Bd2 Kb8 13. Bxb4 Nxb4 14. Qa4 Qe4+ 15. Be2 Na6 16. Nc3 Qf4 17. Rb1 Nc7 18. Kf1 exd4 19. Nb5 Nxb5 20. Qxb5 Bc8 21. g3 Qd6 22. Bd3 Ne7 23. Kg2 Qc6 24. Qb2 Bg4 25. Be2 d3 26. Rhc1 Qe4 27. Qc3 dxe2 28. Qc7+ Ka8 29. Kg1 Bxf3 30. Qxe7 Rd1+ 31. Rxd1 exd1=Q+ 32. Rxd1 Qxe7 0-1


[Site "https://www.chess.com"]

[Event "Titled Tuesday Blitz May 25 2021"]
[White "Woodward, Andy"]
[Black "Przybylski, Wojciech"]
[WhiteFideId "30953499"]
[BlackFideId "1117599"]
[WhiteElo "2597"]
[BlackElo "2317"]
[Result "0-1"]
[Round "08"]
[TimeControl "180+1"]
[Date "2021.05.25"]
[WhiteClock "0:00:23"]
[BlackClock "0:00:12"]

1. d4 Nf6 2. c4 e6 3. Nc3 Bb4 4. Qc2 d5 5. cxd5 Qxd5 6. Nf3 Qf5 7. Qxf5 exf5 8. a3 Be7 9. Bf4 c6 10. e3 Be6 11. Ng5 Nbd7 12. Nxe6 fxe6 13. Bc4 Nd5 14. O-O N7b6 15. Nxd5 Nxd5 16. Be5 Bf6 17. Bd6 Kd7 18. Bg3 g5 19. h3 Rhg8 20. Kh1 g4 21. Kh2 Rg6 22. Rae1 Re8 23. e4 f4 24. exd5 fxg3+ 25. fxg3 exd5 26. Bd3 Rh6 27. Bf5+ Kd8 28. Rxe8+ Kxe8 29. Bxg4 Bxd4 30. b4 Rf6 31. Re1+ Kd8 32. Bh5 b6 33. Re8+ Kd7 34. Rh8 c5 35. Rxh7+ Kd6 36. bxc5+ bxc5 37. Bf3 c4 38. Rh5 Be5 39. Rh7 c3 40. Bd1 Rf1 41. Ba4 d4 42. Rd7+ Ke6 43. Rd8 Ra1 44. Bb3+ Ke7 45. Rd5 Bf6 46. a4 Ra3 47. Bc2 Ra2 48. Bf5 Rxa4 49. Rd7+ Ke8 50. h4 Be5 51. Rb7 Rc4 52. h5 c2 53. Bxc2 Rxc2 54. h6 Rc6 55. h7 Rh6+ 56. Kg1 d3 57. Kf2 Bd4+ 58. Ke1 Bc3+ 59. Kf2 d2 60. Ke2 Rh1 61. h8=Q+ Rxh8 62. Rb8+ Kf7 63. Rxh8 Bxh8 64. Kxd2 Bd4 65. Kc2 Bg1 66. Kb3 Kg6 67. Kc4 Kg5 68. g4 Kxg4 69. Kb5 Kg3 70. Ka6 Kxg2 71. Kb7 Kf3 72. Ka6 Bf2 73. Kb5 Be3 74. Ka6 Ke2 75. Kb5 Kd3 76. Ka6 Bd4 77. Kb5 Kc3 78. Ka6 Kc4 79. Kb7 Kb5 80. Ka8 a5 81. Kb7 a4 82. Ka8 a3 83. Kb7 a2 84. Ka8 Bc3 85. Kb7 a1=Q 86. Kc8 Qa7 87. Kd8 Bf6+ 88. Kc8 Be5 89. Kd8 Bd6 90. Ke8 Qe7# 0-1


[Site "https://www.chess.com"]

[Event "Titled Tuesday Blitz May 25 2021"]
[White "Xiong, Jeffery"]
[Black "Maghsoodloo, Parham"]
[WhiteFideId "2047640"]
[BlackFideId "12539929"]
[WhiteElo "2724"]
[BlackElo "2601"]
[Result "1-0"]
[Round "08"]
[TimeControl "180+1"]
[Date "2021.05.25"]
[WhiteClock "0:01:11"]
[BlackClock "0:00:02"]

1. d4 Nf6 2. c4 e6 3. Nc3 Bb4 4. Nf3 O-O 5. Qc2 d6 6. a3 Bxc3+ 7. Qxc3 Nbd7 8. e3 Re8 9. Be2 e5 10. O-O c6 11. b4 e4 12. Nd2 d5 13. b5 Nf8 14. a4 Bg4 15. Bxg4 Nxg4 16. h3 Nh6 17. Ba3 Re6 18. Bxf8 Kxf8 19. bxc6 bxc6 20. Rab1 Nf5 21. Rfc1 h5 22. cxd5 cxd5 23. Rb7 Nd6 24. Rc7 Qg5 25. Qc6 Rae8 26. Rd7 Rg6 27. g3 Ree6 28. Rc5 Kg8 29. Rxd5 Nf5 30. Qc8+ Kh7 31. Rxf7 Ne7 32. Rxg5 1-0


[Site "https://www.chess.com"]

[Event "Titled Tuesday Blitz May 25 2021"]
[White "Yuan, Qingyu"]
[Black "Chernomordik, Pavel"]
[WhiteFideId "8609772"]
[BlackFideId "2804530"]
[WhiteElo "2754"]
[BlackElo "2458"]
[Result "1-0"]
[Round "08"]
[TimeControl "180+1"]
[Date "2021.05.25"]
[WhiteClock "0:00:48"]
[BlackClock "0:01:13"]

1. e4 g6 2. d4 Bg7 3. Nf3 d6 4. c3 Nf6 5. Bd3 c5 6. dxc5 dxc5 7. O-O Nc6 8. h3 O-O 9. Qe2 Qc7 10. Bg5 Nh5 11. Qe3 b6 12. Nbd2 Bb7 13. Rfd1 Ne5 14. Nxe5 Bxe5 15. Nf3 Bf4 16. Bxf4 Nxf4 17. Bc4 e6 18. g3 Nh5 19. Re1 Rad8 20. Qh6 Nxg3 21. Ng5 f6 22. Nxe6 Qe7 23. Nxf8+ Kh8 24. Nxg6# 1-0


[Site "https://www.chess.com"]

[Event "Titled Tuesday Blitz May 25 2021"]
[White "elohunter1999"]
[Black "Kekic, Armin"]
[BlackFideId "14401274"]
[WhiteElo "2558"]
[BlackElo "2359"]
[Result "1-0"]
[Round "08"]
[TimeControl "180+1"]
[Date "2021.05.25"]
[WhiteClock "0:01:11"]
[BlackClock "0:00:18"]

1. d4 d6 2. e4 e5 3. Nf3 Nc6 4. c3 Nf6 5. Bd3 Be7 6. O-O O-O 7. Re1 h6 8. Nbd2 Re8 9. Nf1 Bf8 10. Ng3 g6 11. h3 Bg7 12. Be3 Qe7 13. Qd2 Kh7 14. Rad1 a6 15. a3 Bd7 16. b4 Rad8 17. d5 Nb8 18. c4 Ng8 19. c5 Rf8 20. Qc2 h5 21. Rc1 Rc8 22. a4 Bh6 23. b5 Bxe3 24. Rxe3 h4 25. Nf1 axb5 26. axb5 dxc5 27. Qxc5 Qf6 28. Qc3 Rfe8 29. N1d2 g5 30. Nc4 Bxb5 31. Ncxe5 Bxd3 32. Rxd3 Qe7 33. Ng4 Qxe4 34. Nxg5+ 1-0


[Site "https://www.chess.com"]

[Event "Titled Tuesday Blitz May 25 2021"]
[White "freshfoodcompany"]
[Black "korbul"]
[WhiteElo "2433"]
[BlackElo "2564"]
[Result "1-0"]
[Round "08"]
[TimeControl "180+1"]
[Date "2021.05.25"]
[WhiteClock "0:00:11"]
[BlackClock "0:00:14"]

1. d4 Nf6 2. c4 e6 3. Nf3 b6 4. g3 Ba6 5. b3 Bb7 6. Bg2 Bb4+ 7. Bd2 a5 8. O-O O-O 9. Nc3 d6 10. Qc2 Nbd7 11. Rad1 h6 12. Rfe1 Bxc3 13. Bxc3 Be4 14. Qb2 Qb8 15. Nd2 Bxg2 16. Kxg2 d5 17. e4 c6 18. f4 b5 19. e5 Ne8 20. cxd5 cxd5 21. Nf3 Nc7 22. Rc1 Rc8 23. Rc2 b4 24. Bd2 Nb5 25. Rec1 Qb7 26. Rxc8+ Rxc8 27. Kf2 Nf8 28. Ke3 Ng6 29. Kd3 Ne7 30. g4 Na3 31. Rxc8+ Nxc8 32. Qc1 Ne7 33. Qc5 Nb5 34. Ne1 h5 35. h3 hxg4 36. hxg4 Ng6 37. f5 Ne7 38. f6 Ng6 39. g5 Qa6 40. Ke3 Nh4 41. Nf3 Nf5+ 42. Kf2 Nc3 43. Bxc3 bxc3 44. Qxc3 Kh7 45. Qc2 Qb6 46. Qd3 a4 47. bxa4 Qb2+ 48. Qd2 Qa3 49. Qc2 Qe3+ 50. Kg2 Qf4 51. Kf2 Kg6 52. Qd3 gxf6 53. gxf6 Kh5 54. Qe2 Kg6 55. Qd3 Qg3+ 56. Ke2 Kh5 57. Ne1 Qh2+ 58. Kd1 Kg6 59. Nf3 Qxa2 60. Nh4+ Kg5 61. Nxf5 exf5 62. Qd2+ Qxd2+ 63. Kxd2 1-0


[Site "https://www.chess.com"]

[Event "Titled Tuesday Blitz May 25 2021"]
[White "kleopl"]
[Black "Iskusnyh, Sergei"]
[BlackFideId "4120027"]
[WhiteElo "2482"]
[BlackElo "2492"]
[Result "0-1"]
[Round "08"]
[TimeControl "180+1"]
[Date "2021.05.25"]
[WhiteClock "0:00:31"]
[BlackClock "0:00:07"]

1. c4 c5 2. Nf3 g6 3. e4 Nc6 4. d4 cxd4 5. Nxd4 Nf6 6. Nc3 d6 7. Be2 Nxd4 8. Qxd4 Bg7 9. O-O O-O 10. Qd2 Be6 11. Rb1 Qa5 12. b3 Rfc8 13. Nd5 Qxd2 14. Nxf6+ Bxf6 15. Bxd2 b5 16. Rfc1 bxc4 17. Bxc4 Bxc4 18. Rxc4 Rxc4 19. bxc4 h5 20. f3 Rc8 21. Rb4 Rc6 22. Ra4 a6 23. Be3 Kf8 24. Kf1 Ke8 25. Ke2 Kd7 26. Kd3 g5 27. Ra5 Be5 28. h3 f6 29. g4 hxg4 30. hxg4 Kc7 31. Ra3 Kc8 32. Rb3 Kd7 33. Rb7+ Ke6 34. Ra7 Bb2 35. a4 Ba3 36. Bd4 Bb4 37. Rb7 a5 38. Rb5 Rc8 39. Bb6 Rh8 40. Bxa5 Bxa5 41. Rxa5 Rh3 42. Ke3 Rh1 43. c5 dxc5 44. Rxc5 Ra1 45. a5 Ra3+ 46. Kf2 Kd6 47. Rb5 Ke6 48. Rb6+ Ke5 49. a6 Kf4 50. Ke2 Ra2+ 51. Kd3 Kxf3 52. Re6 Kxg4 53. Kc4 Kf3 54. Kb5 g4 55. Rxe7 g3 56. a7 g2 57. Rg7 Rxa7 58. Rg6 Rf7 59. Kc4 Kxe4 60. Rxg2 Rc7+ 61. Kb3 f5 62. Re2+ Kf3 63. Re1 f4 0-1


[Site "https://www.chess.com"]

[Event "Titled Tuesday Blitz May 25 2021"]
[White "zmeeed67"]
[Black "Maly, Alexey"]
[BlackFideId "14103184"]
[WhiteElo "2610"]
[BlackElo "2746"]
[Result "1/2-1/2"]
[Round "08"]
[TimeControl "180+1"]
[Date "2021.05.25"]
[WhiteClock "0:01:18"]
[BlackClock "0:02:24"]

1. d4 d5 2. c4 dxc4 3. Nf3 Nf6 4. e3 e6 5. Bxc4 a6 6. O-O b5 7. Bd3 Bb7 8. a4 b4 9. Qe2 Nbd7 10. b3 c5 11. Bb2 Be7 12. Nbd2 O-O 13. Rfd1 a5 14. Bb5 Rc8 15. Nc4 Qc7 16. Nfe5 cxd4 17. Nxd7 Nxd7 18. Rxd4 Nf6 19. Rad1 Rfd8 20. Rxd8+ Rxd8 21. Be5 Rxd1+ 22. Qxd1 Qd8 1/2-1/2


[Site "https://www.chess.com"]

[Event "Titled Tuesday Blitz May 25 2021"]
[White "Abdrlauf, Elham"]
[Black "Ozen, Bahadir"]
[WhiteFideId "1533533"]
[BlackFideId "6337058"]
[WhiteElo "2326"]
[BlackElo "2503"]
[Result "1/2-1/2"]
[Round "09"]
[TimeControl "180+1"]
[Date "2021.05.25"]
[WhiteClock "0:00:04"]
[BlackClock "0:00:06"]

1. e4 e5 2. Nc3 Nf6 3. Bc4 Bc5 4. d3 d6 5. f4 Nc6 6. Nf3 Bg4 7. Na4 Bb6 8. Nxb6 axb6 9. c3 O-O 10. O-O exf4 11. Bxf4 d5 12. exd5 Nxd5 13. Qd2 Na5 14. Bxd5 Qxd5 15. Ne5 Be6 16. d4 f6 17. Nd3 Nc4 18. Qf2 Qd7 19. b3 Nd6 20. c4 Rfe8 21. d5 Bf7 22. Rfe1 Bg6 23. Bxd6 Bxd3 24. Bf4 b5 25. Qd4 bxc4 26. bxc4 Bg6 27. c5 Bf7 28. a4 Qxd5 29. Qxd5 Bxd5 30. Rxe8+ Rxe8 31. Bxc7 Re2 32. Ra3 Rxg2+ 33. Kf1 Rc2 34. Bd6 Kf7 35. a5 g5 36. Ke1 Bc4 37. Re3 Be6 38. Ra3 h5 39. a6 bxa6 40. Rxa6 Bd5 41. Ra7+ Kg6 42. Re7 h4 43. Re8 Kf5 44. Kd1 Rc4 45. Kd2 Be4 46. Ke3 Rc3+ 47. Kd4 Rd3+ 48. Kc4 Rd1 49. Kc3 g4 50. Rh8 Kg5 51. Rg8+ Kf5 52. Rh8 Rd3+ 53. Kc4 g3 54. hxg3 hxg3 55. Rg8 g2 56. Rxg2 Bxg2 57. Kxd3 Bc6 58. Kd4 Ke6 59. Ke3 Bd5 60. Kf4 Bc6 61. Ke3 1/2-1/2


[Site "https://www.chess.com"]